 Dungeon Crawl Stone Soup version 0.29.1-2-gbd0b4ee654 (webtiles) character file.

Game seed: 8852841623339760741

30147 Firos the Impaler (level 13, -12/119 HPs)
             Began as a Hill Orc Monk on Nov 7, 2022.
             Was a Priest of Beogh.
             Mangled by a two-headed ogre
             ... wielding a +0 giant club
              (27 damage)
             ... on level 13 of the Dungeon.
             The game lasted 00:43:14 (16693 turns).

Firos the Impaler (Hill Orc Monk)                  Turns: 16693, Time: 00:43:15

Health: -12/119    AC: 20    Str: 19    XL:     13   Next: 49%
Magic:  22/22      EV: 16    Int: 10    God:    Beogh [***...]
Gold:   918        SH:  0    Dex: 13    Spells: 12/12 levels left

rFire   . . .      SeeInvis .   d - +2 bardiche (protect)
rCold   . . .      Faith    .   (shield currently unavailable)
rNeg    . . .      Spirit   .   f - +0 acid dragon scales
rPois   +          Reflect  .   (no helmet)
rElec   .          Harm     .   m - +1 cloak {Stlth+}
rCorr   +          Rampage  .   F - +0 pair of gloves
Will    .....                   (no boots)
Stlth   ++........              (no amulet)
HPRegen 0.29/turn               l - +4 ring of evasion
MPRegen 0.18/turn               t - ring of poison resistance

@: under a protective aura
A: no striking features
a: Renounce Religion, Smiting


You were on level 13 of the Dungeon.
You worshipped Beogh.
Beogh was most pleased with you.
You visited 2 branches of the dungeon, and saw 14 of its levels.
You also visited: Gauntlet.

You collected 918 gold pieces.

Inventory:

Hand Weapons
 d - a +2 bardiche of protection (weapon)
 u - the +6 short sword of Hideff {freeze, Dex+4 SInv}
   (You took it off a kobold on level 7 of the Dungeon)

   It freezes those it strikes, dealing additional cold damage.
   It can also slow down cold-blooded creatures.
   Dex:       It affects your dexterity (+4).
   SInv:      It lets you see invisible.
 x - a +1 halberd of venom
 A - a +3 glaive
 N - a +0 triple sword
Missiles
 n - 8 curare-tipped darts (quivered)
 B - 3 throwing nets
Armour
 f - +0 acid dragon scales (worn)
 m - a +1 cloak of stealth (worn)
 o - a +0 tower shield
 r - a +0 plate armour
 E - the +6 chain mail of Reppoef {rElec rC- rN+}
   (You found it on level 9 of the Dungeon)

   rC:        It makes you vulnerable to cold.
   rElec:     It insulates you from electricity.
   rN:        It protects you from negative energy.
 F - a +0 pair of gloves (worn)
 J - a +0 plate armour
 M - a +0 troll leather armour
 R - a +0 pair of gloves of stealth
Magical Staves
 Q - a staff of death
 S - a staff of fire
Jewellery
 b - a +6 ring of dexterity
 l - a +4 ring of evasion (left hand)
 t - a ring of poison resistance (right hand)
 K - a ring of ice
 O - a ring of ice
Wands
 g - a wand of roots (15)
 i - a wand of flame (18)
 w - a wand of mindburst (20)
 y - a wand of paralysis (13)
 D - a wand of digging (6)
Scrolls
 e - 7 scrolls of blinking
 j - 2 scrolls of identify
 k - 3 scrolls of amnesia
 v - 4 scrolls of teleportation
 z - a scroll of poison
 G - a scroll of immolation {unknown}
 H - a scroll of enchant weapon
 I - 3 scrolls of fear
 L - 3 scrolls of silence
 V - a scroll of magic mapping
 W - a scroll of enchant armour
Potions
 a - 3 potions of flight
 c - 2 potions of ambrosia
 h - 5 potions of curing
 p - 2 potions of brilliance
 q - a potion of heal wounds
 s - 3 potions of attraction
 C - 5 potions of cancellation
 P - a potion of haste
 U - 2 potions of magic
Miscellaneous
 T - a lightning rod (4/4)


   Skills:
 + Level 12.6 Fighting
 * Level 15.7 Polearms
 + Level 11.1 Armour
 - Level 2.4 Dodging
 - Level 1.6 Stealth
 + Level 12.8 Invocations


You had 12 spell levels left.
You didn't know any spells.
Your spell library contained the following spells:

 Spells                   Type           Power      Damage    Failure   Level
 Foxfire                  Conj/Fire      0%         2x1d4     43%         1
 Magic Dart               Conj           0%         1d3       43%         1
 Searing Ray              Conj           0%         2d4       56%         2
 Confusing Touch          Hex            0%         N/A       80%         3
 Conjure Flame            Conj/Fire      0%         6-21      80%         3
 Ignite Poison            Fire/Tmut/Pois 0%         N/A       80%         3
 Inner Flame              Hex/Fire       0%         N/A       80%         3
 Mephitic Cloud           Conj/Pois/Air  0%         N/A       80%         3
 Corpse Rot               Necr/Pois/Air  0%         N/A       99%         4
 Dispel Undead            Necr           0%         3d6       99%         4
 Flame Wave               Conj/Fire      0%         2d4       99%         4
 Fulminant Prism          Conj/Hex       0%         3d6       99%         4
 Freezing Cloud           Conj/Ice/Air   0%         6-21      100%        5
 Yara's Violent Unravell  Hex/Tmut       0%         3d3       100%        5
 Death Channel            Necr           0%         N/A       100%        6
 Enfeeble                 Hex            0%         N/A       100%        7


Dungeon Overview and Level Annotations

Branches:
Dungeon (13/15)            Temple (0/1) D:6            Lair (1/5) D:10
    Orc (0/2) D:9         Gauntlet (visited)
 Vaults: D:13-14

Altars:
Dithmenos
Fedhas
Hepliaklqana
Nemelex Xobeh
Qazlal
Sif Muna
Vehumet
The Shining One


Message History

You catch the helpless centaur warrior completely off-guard!
You hit the centaur warrior.
The centaur warrior is severely wounded.
The centaur warrior closely misses you. x2
The centaur warrior hits you but does no damage.
The centaur warrior barely misses you.
Agrik barely misses the two-headed ogre.
Agrik misses the centaur warrior.
You barely miss the centaur warrior.
The centaur warrior is severely wounded.
The centaur warrior misses you. The centaur warrior closely misses you.
The two-headed ogre hits Agrik with a +0 giant club!!
The two-headed ogre misses Agrik.
Agrik hits the two-headed ogre with a +0 hand axe.
Agrik hits the centaur warrior with a +0 hand axe.
The centaur warrior hits you but does no damage.
The centaur warrior closely misses you.
You slash the centaur warrior!
The centaur warrior is almost dead.
The centaur warrior hits you but does no damage.
The centaur warrior misses you.
Agrik hits the two-headed ogre with a +0 hand axe!!
Agrik hits the centaur warrior with a +0 hand axe!
The centaur warrior dies!
Beogh accepts your kill.
Beogh blesses Agrik with healing.
The two-headed ogre hits Agrik with a +0 giant club!!
The two-headed ogre hits Agrik with a +1 dire flail of protection.
You swap places.
You slice the two-headed ogre!!
The two-headed ogre is almost dead.
The two-headed ogre hits you with a +0 giant club!!
* * * LOW HITPOINT WARNING * * *
The two-headed ogre hits you with a +1 dire flail of protection!!
* * * LOW HITPOINT WARNING * * *
Agrik hits the two-headed ogre with a +0 hand axe.
You hit the two-headed ogre but do no damage.
The two-headed ogre is almost dead.
Agrik hits the two-headed ogre but does no damage.
The two-headed ogre hits you with a +0 giant club!!
You die...

#.. #######.######
#........./..##
##..............
..............#
#............#
#......).....#
#..<...@O....#
#......o.....#
#.>..........#
#######.###### ##
#..#### #.. ##....#
#####.# #######.##
#......
.........#####......
.<.......##.(.......


You could see a two-headed ogre (ally target) and the friendly Agrik the orc
knight.

Vanquished Creatures
  A minotaur (Gauntlet)
  The ghost of raistware the Destroyer, a journeyman OpCj of Vehumet (D:11)
  Fannar (D:10)
  Erolcha (D:9)
  A two-headed ogre (D:11)
  Erica (D:8)
  2 large abominations (Gauntlet)
  2 sixfirhies (Gauntlet)
  A deep troll (D:11)
  2 glowing orange brains (Gauntlet)
  2 ugly things
  A manticore (D:11)
  Maggie (D:6)
  A gargoyle (D:11)
  Psyche (D:9)
  A troll (D:10)
  A hornet (Lair:1)
  A blink frog (Lair:1)
  A shadow (D:11)
  A vampire (D:12)
  4 yaks
  A wraith (D:10)
  A human (D:9)
  A hog (D:12)
  2 acid dragons (D:12)
  3 orc warriors
  4 small abominations (Gauntlet)
  2 sky beasts (D:7)
  A black bear (D:6)
  3 ice beasts
  4 centaurs
  2 phantoms (D:6)
  3 kobold brigands
  3 bullfrogs
  A gnoll sergeant (D:6)
  4 scorpions
  3 wights (D:9)
  7 killer bees
  4 howler monkeys
  2 lava snakes (D:11)
  3 hounds
  An orc priest (D:9)
  A jelly (D:7)
  Crazy Yiuf (D:3)
  2 gnoll boudas
  Ijyb (D:5)
  2 iguanas
  3 orc wizards
  16 gnolls
  7 adders
  4 white imps
  2 ufetubi
  A worm (D:3)
  A dart slug (D:4)
  15 orcs
  4 bats
  2 endoplasms
  A giant cockroach (D:1)
  7 goblins
  4 hobgoblins
  6 quokkas
  5 ball pythons
  4 frilled lizards
  19 kobolds
  A rat (D:2)
192 creatures vanquished.

Vanquished Creatures (collateral kills)
  Kirke (D:12)
  Harold (D:9)
  A centaur warrior (D:13)
  4 two-headed ogres
  Amaemon (D:10)
  A manticore (D:12)
  2 cyclopes
  2 ugly things
  Joseph (D:9)
  A molten gargoyle (D:11)
  A gargoyle (D:12)
  A cane toad (Lair:1)
  An orange demon (D:10)
  A rime drake (Lair:1)
  A komodo dragon (D:10)
  A tengu conjurer (D:13)
  A troll (D:10)
  2 blink frogs (Lair:1)
  A shadow (D:11)
  10 yaks
  A vampire (D:10)
  A wraith (D:10)
  2 hogs (D:12)
  2 basilisks
  A steam dragon (D:9)
  A warg (D:9)
  An acid dragon (D:10)
  2 orc warriors
  3 wolves (Lair:1)
  A kobold brigand (D:9)
  A bullfrog (Lair:1)
  A necrophage (D:8)
  3 wights (D:8)
  11 killer bees
  An orc priest (D:9)
  4 orc wizards
  4 orcs
  A goblin (D:9)
  4 kobolds (D:9)
80 creatures vanquished.

Vanquished Creatures (others)
  5 orc warriors
  3 orc priests
  6 orc wizards
  17 orcs
  A kobold (D:9)
  14 demonic plants (Gauntlet)
  A fire vortex (D:11)
  A fungus (Lair:1)
  25 plants
73 creatures vanquished.

Grand Total: 345 creatures vanquished

Notes
Turn   | Place    | Note
-------+----------+-------------------------------------------
     0 | D:1      | Firos the Hill Orc Monk began the quest for the Orb.
     0 | D:1      | Reached XP level 1. HP: 19/19 MP: 1/1
   217 | D:1      | Found a faded altar of an unknown god.
   417 | D:1      | Reached XP level 2. HP: 18/27 MP: 2/2
   957 | D:2      | Reached skill level 1 in Armour
   957 | D:2      | Reached XP level 3. HP: 22/33 MP: 3/3
  1115 | D:2      | Reached skill level 4 in Polearms
  2000 | D:3      | Found a glowing golden altar of the Shining One.
  2167 | D:3      | Found a blossoming altar of Fedhas.
  2214 | D:3      | Reached XP level 4. HP: 39/40 MP: 4/4
  2443 | D:3      | Found a runed translucent door.
  2444 | D:3      | Noticed Crazy Yiuf
  2574 | D:3      | Killed Crazy Yiuf
  2724 | D:4      | Became a worshipper of Beogh the Brigand
  2724 | D:4      | Reached * piety under Beogh
  2724 | D:4      | Reached ** piety under Beogh
  2830 | D:4      | Found a hazy altar of Hepliaklqana.
  2866 | D:4      | Reached XP level 5. HP: 38/47 MP: 5/5
  3000 | D:4      | Reached skill level 1 in Invocations
  3005 | D:4      | Reached skill level 5 in Polearms
  3509 | D:4      | Reached skill level 5 in Fighting
  3509 | D:4      | Reached XP level 6. HP: 47/56 MP: 7/7
  4171 | D:5      | Entered Level 5 of the Dungeon
  4339 | D:5      | Noticed Ijyb
  4347 | D:5      | Killed Ijyb
  4450 | D:5      | Noticed an ice beast
  4461 | D:5      | Killed an ice beast
  4646 | D:5      | Reached skill level 6 in Polearms
  4646 | D:5      | Reached XP level 7. HP: 43/61 MP: 9/9
  5951 | D:6      | Noticed Maggie
  5984 | D:6      | Killed Maggie
  5985 | D:6      | Reached skill level 7 in Polearms
  5985 | D:6      | Reached XP level 8. HP: 35/70 MP: 6/11
  6237 | D:6      | Found a staircase to the Ecumenical Temple.
  6527 | D:6      | Reached skill level 5 in Invocations
  6538 | D:6      | Reached skill level 8 in Polearms
  6731 | D:6      | Reached skill level 5 in Armour
  7152 | D:7      | Reached *** piety under Beogh
  7240 | D:6      | Reached XP level 9. HP: 44/79 MP: 13/13
  7582 | D:7      | Reached skill level 9 in Polearms
  8539 | D:7      | Identified the +6 short sword of Hideff {freeze, Dex+4
                  | SInv}
  8583 | D:7      | Reached **** piety under Beogh
  9045 | D:8      | Found a sparkling altar of Nemelex Xobeh.
  9063 | D:8      | Noticed Erica
  9077 | D:8      | Killed Erica
  9078 | D:8      | Reached skill level 10 in Polearms
  9078 | D:8      | Reached XP level 10. HP: 51/89 MP: 12/15
  9277 | D:8      | Noticed a two-headed ogre
  9282 | D:8      | Killed a two-headed ogre
  9392 | D:8      | Identified a scroll of acquirement
  9392 | D:8      | Acquired a +2 bardiche of protection
  9726 | D:9      | Noticed Psyche
  9728 | D:9      | Killed Psyche
  9730 | D:9      | Noticed Joseph
  9734 | D:9      | Identified the +6 chain mail of Reppoef {rElec rC- rN+}
  9736 | D:9      | Killed Joseph
  9767 | D:9      | Reached skill level 11 in Polearms
  9777 | D:9      | Noticed Erolcha
  9780 | D:9      | Killed Erolcha
  9784 | D:9      | Found a staircase to the Orcish Mines.
  9784 | D:9      | Noticed Harold
  9796 | D:9      | Gained Agrik as an ally
  9798 | D:9      | Killed Harold
 10430 | D:10     | Entered Level 10 of the Dungeon
 10821 | D:10     | Noticed Amaemon
 10829 | D:10     | Killed Amaemon
 10830 | D:10     | Reached XP level 11. HP: 85/99 MP: 17/17
 10904 | D:10     | Reached skill level 12 in Polearms
 11235 | D:10     | Reached skill level 10 in Fighting
 11291 | D:10     | Found a staircase to the Lair.
 11363 | D:10     | Noticed a two-headed ogre
 11363 | D:10     | Noticed Fannar
 11366 | D:10     | Killed a two-headed ogre
 11377 | D:10     | Killed Fannar
 11698 | D:10     | Found a faded altar of an unknown god.
 11698 | D:10     | Found a radiant altar of Vehumet.
 11705 | D:10     | Found a shadowy altar of Dithmenos.
 11707 | D:10     | Found a stormy altar of Qazlal.
 11709 | D:10     | Found a faded altar of an unknown god.
 11762 | D:10     | Reached skill level 13 in Polearms
 11762 | D:10     | Reached XP level 12. HP: 110/110 MP: 18/20
 11826 | D:10     | Found a shimmering blue altar of Sif Muna.
 11884 | D:10     | Noticed a two-headed ogre
 11889 | D:10     | Killed a two-headed ogre
 12075 | D:10     | Reached skill level 14 in Polearms
 12175 | D:11     | Noticed a two-headed ogre
 13002 | D:11     | Found a large runed translucent door.
 13002 | D:11     | Found a large runed translucent door.
 13011 | D:11     | Noticed raistware's ghost (journeyman OpCj)
 13237 | D:11     | Reached skill level 10 in Armour
 13600 | D:11     | Killed raistware's ghost
 13657 | D:11     | Killed a two-headed ogre
 13698 | Lair:1   | Entered Level 1 of the Lair of Beasts
 13704 | Lair:1   | Gained Arbolt as an ally
 13737 | Lair:1   | Found a gate leading to a gauntlet.
 13758 | Gauntlet | Entered a Gauntlet
 13758 | Gauntlet | Found a transporter.
 13758 | Gauntlet | Found a transporter.
 13760 | Gauntlet | Noticed a large abomination
 13762 | Gauntlet | Found a transporter.
 13763 | Gauntlet | Found a transporter.
 13766 | Gauntlet | Noticed a hell hog
 13781 | Gauntlet | Found a transporter.
 13796 | Gauntlet | Found a transporter.
 13805 | Gauntlet | Noticed a great orb of eyes
 13816 | Gauntlet | Found a transporter.
 13825 | Gauntlet | Found a transporter.
 13969 | Gauntlet | Found a transporter.
 13988 | Gauntlet | Found a transporter.
 14006 | Gauntlet | Found a transporter.
 14018 | Gauntlet | Found a transporter.
 14020 | Gauntlet | Found a large runed translucent door.
 14020 | Gauntlet | Found a large runed translucent door.
 14021 | Gauntlet | Found a large runed translucent door.
 14021 | Gauntlet | Found a large runed translucent door.
 14022 | Gauntlet | Found a large runed translucent door.
 14022 | Gauntlet | Found a large runed translucent door.
 14022 | Gauntlet | Found a runed translucent door.
 14022 | Gauntlet | Found a runed translucent door.
 14022 | Gauntlet | Found a large runed translucent door.
 14023 | Gauntlet | Found a large runed translucent door.
 14028 | Gauntlet | Found a large runed translucent door.
 14028 | Gauntlet | Found a large runed translucent door.
 14029 | Gauntlet | Found a large runed translucent door.
 14029 | Gauntlet | Found a large runed translucent door.
 14030 | Gauntlet | Found a large runed translucent door.
 14030 | Gauntlet | Found a large runed translucent door.
 14030 | Gauntlet | Found a large runed translucent door.
 14103 | Gauntlet | Found a transporter.
 14109 | Gauntlet | Found a large runed translucent door.
 14112 | Gauntlet | Found a runed translucent gate.
 14113 | Gauntlet | Found a transporter.
 14113 | Gauntlet | Found a runed translucent gate.
 14113 | Gauntlet | Found a transporter.
 14114 | Gauntlet | Found a runed translucent gate.
 14116 | Gauntlet | Found a transporter.
 14160 | Gauntlet | Killed a large abomination
 14483 | Gauntlet | Reached XP level 13. HP: 60/117 MP: 21/21
 14492 | Gauntlet | Reached skill level 15 in Polearms
 15309 | Gauntlet | Noticed a minotaur
 15319 | Gauntlet | Killed a minotaur
 15409 | Lair:1   | Your ally Arbolt died
 16232 | D:12     | Noticed Kirke
 16253 | D:12     | Killed Kirke
 16373 | D:12     | Identified the +7 demon whip of Inconvenience {vamp, rC+
                  | MP+9 Dex+4}
 16693 | D:13     | Mangled by a two-headed ogre

Illustrated notes

Levels and vault maps discovered:
D:1:      dpeg_arrival_simpleton_b, layout_basic,
          hellmonk_ecumenical_altar_leap_of_faith, dk_noncrumbling_2,
          minmay_tromino_v7
D:2:      layout_loops_corners, grunt_decor_clamped
D:3:      layout_rooms, jmf_multi_god_temple, wad_floor_pattern_1,
          uniq_crazy_yiuf_cottage
D:4:      cheibrodos_helix_gallery, layout_basic,
          nicolae_hepliaklqana_hazy_memory, serial_rivers,
          chequers_serial_rivers_micro_a, chequers_serial_rivers_micro_c,
          chequers_serial_rivers_micro_e, chequers_serial_rivers_room_b,
          chequers_serial_rivers_room_a, chequers_serial_rivers_marsh,
          st_stairs_7
D:5:      layout_gridville, uniq_ijyb
D:6:      layout_gridville, minmay_temple_entry_nine_rooms,
          dreamdust_mushroom_princess, due_unseen_surprise, uniq_maggie
D:7:      layout_layer_cave
D:8:      layout_rooms, mainiacjoe_overflow_boulevard,
          kennysheep_big_empty_room, uniq_erica
D:9:      layout_basic, erik_orc_4, kennysheep_generic_room_11, uniq_erolcha,
          uniq_joseph, uniq_harold, uniq_psyche
D:10:     layout_loops_ring, chequers_temple_overflow_minitemple,
          marbit_many_paths, david_lair_shrubbed, nrook_mini_vaults,
          minmay_fractal_squares_gapless_5, uniq_fannar, uniq_amaemon
D:11:     layout_irregular_city, ebering_ghost_disaster_area,
          kennysheep_island_fort
D:12:     layout_basic, uniq_kirke
D:13:     layout_roguey, erik_vaults_2, nicolae_concentric_dashed_squares_wild,
          uniq_rupert
Lair:1:   layout_cave_pods, gauntlet_entry_generic,
          amcnicky_altar_lugonu_corruption

Skill      XL: |  1  2  3  4  5  6  7  8  9 10 11 12 13 |
---------------+----------------------------------------+-----
Fighting       | 4 5 6 7 8 9 11 12 | 12.6
Armour         | 1 2 3 4 5 6 8 9 10 11 | 11.1
Polearms       | 4 5 6 7 8 10 11 13 14 15 | 15.7
Invocations    | 2 4 5 7 9 11 12 | 12.8
Dodging        | |  2.4
Stealth        | |  1.6

Action                   |  1- 3 |  4- 6 |  7- 9 | 10-12 | 13-15 || total
-------------------------+-------+-------+-------+-------+-------++-------
Melee: Spear             |   123 |   144 |       |       |       ||   267
       Punch             |     2 |     1 |     2 |       |       ||     5
       Trident           |       |    72 |   168 |       |       ||   240
       Halberd           |       |       |   123 |    21 |       ||   144
       Short sword       |       |       |     5 |       |       ||     5
       Bardiche          |       |       |       |   185 |    86 ||   271
       Unarmed           |       |       |       |       |     4 ||     4
Throw: Dart              |       |     2 |    15 |       |       ||    17
Invok: Convert to Beogh  |       |     1 |       |       |       ||     1
       Smiting           |       |     1 |     3 |    10 |     8 ||    22
       Recall Orcish Fol |       |       |       |     8 |       ||     8
       Stop Recall       |       |       |       |     1 |       ||     1
Evoke: Wand              |       |     1 |       |       |       ||     1
  Use: Scroll            |       |     9 |     4 |     9 |     4 ||    26
       Potion            |       |       |     1 |     4 |     5 ||    10
 Stab: Sleeping          |     3 |       |     1 |       |     3 ||     7
       Distracted        |     1 |       |       |     1 |     4 ||     6
Armor: Robe              |     8 |       |       |       |       ||     8
       Ring mail         |    10 |    44 |     4 |       |       ||    58
       Acid dragon scale |       |       |    50 |    87 |    28 ||   165
       Skin              |       |       |    30 |    18 |    35 ||    83
Dodge: Dodged            |    58 |   134 |   162 |   227 |    65 ||   646
